 Dungeon Sprint DCSS version 0.21-a0-59-g7b0e191 (webtiles) character file.

3697 Kidiri the Basher (level 9, 0/93 HPs)
             Began as a Troll Fighter on June 16, 2017.
             Was a High Priest of Wu Jian.
             Killed from afar by a smoke demon (24 damage)
             ... with a ball of steam
             ... in the Dungeon (Sprint VII: "The Pits").
             The game lasted 00:06:11 (990 turns).

Kidiri the Basher (Troll Fighter)                    Turns: 990, Time: 00:06:11

Health: 0/93       AC:  5    Str: 29    XL:     9   Next: 90%
Magic:  8/8        EV: 15    Int:  7    God:    Wu Jian [*****.]
Gold:   0          SH:  0    Dex: 12    Spells: 8/8 levels left

rFire    . . .     SeeInvis .   a - +2 dire flail (holy)
rCold    . . .     Gourm    +   (shield currently unavailable)
rNeg     . . .     Faith    .   b - +0 robe
rPois    .         Spirit   .   (helmet restricted)
rElec    .         Reflect  .   (no cloak)
rCorr    .         Harm     .   (gloves unavailable)
MR       .....     NoTele   +   (boots unavailable)
Stlth    ++........             (no amulet)
HPRegen  0.65/turn              q - +3 ring of intelligence
MPRegen  0.11/turn              s - +3 ring of dexterity

@: glowing, heavenly storm
A: unfitting armour, claws 3, fast metabolism 3, gourmand, regeneration 1,
shaggy fur 1, tough skin 2
a: Serpent's Lash, Heavenly Storm, Renounce Religion


You were in the Dungeon.
You worshipped Wu Jian.
Wu Jian was extremely pleased with you.
You were completely stuffed.

You visited 1 branch

Inventory:

Hand Weapons
 a - a +2 dire flail of holy wrath (weapon)
 r - a +0 giant club
 w - a +0 giant spiked club
Armour
 b - a +0 robe (worn)
Jewellery
 q - a +3 ring of intelligence (left claw)
 s - a +3 ring of dexterity (right claw)
Scrolls
 k - a scroll of blinking
 l - 3 scrolls of remove curse
 m - 5 scrolls of amnesia
 n - a scroll of summoning
Potions
 c - 2 potions of invisibility
 d - a potion of might
 e - 5 potions of curing
 g - 12 potions of heal wounds
 h - 2 potions of haste
 i - 4 potions of magic
 j - 2 potions of berserk rage
 t - 2 potions of brilliance
 u - a potion of resistance
Comestibles
 f - 9 bread rations
 o - 40 fruits
 p - 7 meat rations
 v - 5 chunks of flesh


   Skills:
 + Level 7.2 Fighting
 * Level 11.0 Maces & Flails
 + Level 6.6 Armour
 * Level 10.1 Dodging
 * Level 7.6 Stealth
   Level 2.4 Shields


You had 8 spell levels left.
You didn't know any spells.

Dungeon Overview and Level Annotations

Branches:
Dungeon (1/1)

Altars:
Ashenzari
Cheibriados
Dithmenos
Elyvilon
Fedhas
Gozag
Hepliaklqana
Kikubaaqudgha
Makhleb
Nemelex Xobeh
Okawaru
Qazlal
Ru
Sif Muna
Trog
Uskayaw
Vehumet
Wu Jian
Xom
Yredelemnul
Zin
The Shining One
Beogh
Jiyva
Lugonu


Innate Abilities, Weirdness & Mutations

You are too large for most types of armour.
You have claws for hands.
Your metabolism is lightning-fast.
You like to eat raw meat.
Your natural rate of healing is unusually fast.
You are covered in fur. (AC +1)
You have very tough skin. (AC +2)


Message History

You feel very sick.
A smoke demon comes into view.
You lunge at the smoke demon.
You hit the smoke demon.
The smoke demon convulses.
The smoke demon is lightly wounded.
You spin and attack the vampire knight.
You hit the vampire knight but do no damage.
You feel very sick.
The vampire knight hits you with a great sword!!
* * * LOW HITPOINT WARNING * * *
The vampire knight bites you.
* * * LOW HITPOINT WARNING * * *
The vampire knight draws strength from your injuries!
The smoke demon misses you. The smoke demon completely misses you.
The smoke demon hits you.
* * * LOW HITPOINT WARNING * * *
You feel better. The smoke demon gestures at you. The ball of steam hits you!
You die...

.# ##++## ###..+
.###....###....#
.##......#....##
###......'....+
###......#....##
[###....###...§##+##
[# ##÷'## ###§§§§§§+
)###.%..# ####§3§###
)##......#
##§§@§§§§#
.##......#
#§§§V§§§§.#
##########
###########


You could see a vampire knight and a smoke demon.

Vanquished Creatures
  A death yak (D)
  A spiny frog (D)
  An efreet (D)
  3 redbacks (D)
  A shadow (D)
  3 yaks (D)
  A basilisk (D)
  A wraith (D)
  A steam dragon (D)
  2 wargs (D)
  A floating eye (D)
  An ice beast (D)
  A porcupine (D)
  2 ogres (D)
  A centaur (D)
  2 necrophages (D)
  A crocodile (D)
  A scorpion (D)
  A gnoll (D)
  A river rat (D)
  A white imp (D)
  An adder zombie (D)
  A bat (D)
  A bat zombie (D)
  2 hobgoblins (D)
  2 jackals (D)
  3 frilled lizards (D)
  A kobold (D)
  A leopard gecko zombie (D)
40 creatures vanquished.

Notes
Turn   | Place    | Note
-------+----------+-------------------------------------------
     0 | D        | Kidiri the Troll Fighter began the quest for the Orb.
     0 | D        | Reached XP level 1. HP: 22/22 MP: 0/0
    24 | D        | Reached skill level 2 in Maces & Flails
    24 | D        | Reached skill level 1 in Stealth
    24 | D        | Reached XP level 2. HP: 24/29 MP: 1/1
    58 | D        | Found a bloodstained altar of Trog.
    58 | D        | Found a deep blue altar of Sif Muna.
    58 | D        | Found a viscous altar of Jiyva.
    58 | D        | Found a hazy altar of Hepliaklqana.
    58 | D        | Found an opulent altar of Gozag.
    59 | D        | Found a glowing golden altar of the Shining One.
    59 | D        | Found a glowing silver altar of Zin.
    59 | D        | Found a basalt altar of Yredelemnul.
    59 | D        | Found a shimmering altar of Xom.
    59 | D        | Found an ornate altar of the Wu Jian Council.
    59 | D        | Found a sacrificial altar of Ru.
    59 | D        | Found a stormy altar of Qazlal.
    59 | D        | Found an iron altar of Okawaru.
    59 | D        | Found a sparkling altar of Nemelex Xobeh.
    59 | D        | Found a burning altar of Makhleb.
    59 | D        | Found a blossoming altar of Fedhas.
    59 | D        | Found a white marble altar of Elyvilon.
    59 | D        | Found a shadowy altar of Dithmenos.
    59 | D        | Found a snail-covered altar of Cheibriados.
    61 | D        | Found a radiant altar of Vehumet.
    61 | D        | Found a corrupted altar of Lugonu.
    61 | D        | Found a roughly hewn altar of Beogh.
    62 | D        | Found a hide-covered altar of Uskayaw.
    62 | D        | Found an ancient bone altar of Kikubaaqudgha.
    62 | D        | Found a shattered altar of Ashenzari.
    68 | D        | Became a worshipper of the Wu Jian Council
    85 | D        | Noticed a floating eye
    87 | D        | Paralysed by a floating eye for 3 turns
    90 | D        | Killed a floating eye
    90 | D        | Reached skill level 4 in Maces & Flails
    90 | D        | Reached XP level 3. HP: 32/37 MP: 2/2
    90 | D        | Reached XP level 4. HP: 39/46 MP: 3/3
   106 | D        | Reached * piety under Wu Jian
   233 | D        | Reached ** piety under Wu Jian
   307 | D        | Noticed an ogre
   308 | D        | Noticed a necrophage
   308 | D        | Noticed a necrophage
   325 | D        | Killed an ogre
   325 | D        | Reached *** piety under Wu Jian
   325 | D        | Reached skill level 5 in Maces & Flails
   325 | D        | Reached skill level 5 in Dodging
   325 | D        | Reached XP level 5. HP: 15/54 MP: 4/4
   341 | D        | Killed a necrophage
   341 | D        | Reached skill level 6 in Maces & Flails
   341 | D        | Reached XP level 6. HP: 40/62 MP: 5/5
   386 | D        | Reached **** piety under Wu Jian
   404 | D        | Noticed an ice beast
   414 | D        | Killed an ice beast
   414 | D        | Reached skill level 7 in Maces & Flails
   430 | D        | Noticed a shadow
   437 | D        | Killed a shadow
   437 | D        | Reached skill level 5 in Fighting
   437 | D        | Reached skill level 5 in Stealth
   437 | D        | Reached XP level 7. HP: 23/71 MP: 6/6
   534 | D        | Reached ***** piety under Wu Jian
   539 | D        | Reached skill level 8 in Maces & Flails
   615 | D        | Noticed a death yak
   615 | D        | Noticed a wraith
   620 | D        | Killed a wraith
   628 | D        | Killed a death yak
   628 | D        | Reached skill level 9 in Maces & Flails
   628 | D        | Reached skill level 5 in Armour
   628 | D        | Reached XP level 8. HP: 55/82 MP: 7/7
   757 | D        | Reached XP level 9. HP: 59/91 MP: 8/8
   758 | D        | Reached skill level 10 in Maces & Flails
   974 | D        | Noticed a spiny frog
   976 | D        | Noticed an efreet
   979 | D        | Killed an efreet
   980 | D        | Reached skill level 10 in Dodging
   981 | D        | Killed a spiny frog
   981 | D        | Reached skill level 11 in Maces & Flails
   987 | D        | Noticed a vampire knight
   989 | D        | Noticed a smoke demon
   990 | D        | Killed from afar by a smoke demon

Vault maps used:
D:        pitsprint

Skill      XL: |  1  2  3  4  5  6  7  8  9 |
---------------+----------------------------+-----
Maces & Flails | 2 4 5 6 7 9 11 | 11.0
Stealth        | 1 2 3 4 5 6 7 |  7.6
Fighting       | 3 4 5 6 7 |  7.2
Armour         | 2 3 4 5 6 |  6.6
Dodging        | 4 5 7 8 9 10 | 10.1
Shields        | |  2.4

Action                   |  1- 3 |  4- 6 |  7- 9 || total
-------------------------+-------+-------+-------++-------
Melee: Unarmed           |     4 |       |       ||     4
       Mace              |     2 |    39 |    15 ||    56
       Giant club        |       |    41 |    22 ||    63
       Dire flail        |       |       |    52 ||    52
Invok: Serpent's Lash    |       |       |     2 ||     2
       Heavenly Storm    |       |       |     3 ||     3
  Use: Potion            |       |     2 |     2 ||     4
 Stab: Sleeping          |       |     1 |       ||     1
       Distracted        |       |       |     1 ||     1
  Eat: Chunk             |       |     4 |    11 ||    15
Armor: Robe              |     3 |    50 |     7 ||    60
Dodge: Dodged            |     1 |    63 |    43 ||   107
